 Dungeon Crawl Stone Soup version 0.31-a0-845-g9abc20d24f (webtiles) character file.

Game seed: 6814666167339453482

164 Ethylacetat the Changeling (level 5, 0/34 HPs)
             Began as an Octopode Shapeshifter on Oct 2, 2023.
             Slain by an iguana (10 damage)
             ... on level 3 of the Dungeon.
             The game lasted 00:01:32 (1909 turns).

Ethylacetat the Changeling (Octopode Shapeshifter)  Turns: 1909, Time: 00:01:33

Health: 0/34       AC:  1    Str: 13    XL:     5   Next: 45%
Magic:  5/5        EV: 14    Int: 12    God:
Gold:   69         SH:  0    Dex: 14    Spells: 4/4 levels left

rFire   . .          .
                       - Unarmed
rCold   . . .        (no shield)
rNeg    . . .        (helmet currently unavailable)
rPois   .            (no amulet)
rElec   .            (no ring)
rCorr   .            (no ring)
SInv    .            (no ring)
Will    .....        (no ring)
Stlth   ++           (no ring)
HPRegen 0.25/turn    (no ring)
MPRegen 0.09/turn    (no ring)
                     (no ring)

%: no passive effects
@: beast-form
A: beast (slay +2), almost no armour, amphibious, 8 rings, camouflage 1,
gelatinous body 1, (nimble swimmer 1), tentacles
a: Begin Untransformation


You were on level 3 of the Dungeon.
You were a hulking beast.
You visited 1 branch of the dungeon, and saw 3 of its levels.

You collected 69 gold pieces.

Inventory:

Jewellery
 i - a +6 ring of intelligence
Talismans
 b - a beast talisman (active)
 c - a flux talisman
Scrolls
 d - 2 scrolls of revelation {unknown}
 f - 3 scrolls of identify {unknown}
 h - 3 scrolls of blinking {unknown}
 k - a scroll of immolation {unknown}
 l - a scroll of amnesia {unknown}
 n - a scroll of teleportation {unknown}
Potions
 a - a potion of lignification
 e - a potion of heal wounds {unknown}
 g - a potion of resistance {unknown}
 j - a potion of attraction {unknown}
 m - a potion of curing {unknown}
 o - a potion of mutation {unknown}


   Skills:
 + Level 2.3 Fighting
 + Level 3.0 Dodging
 + Level 3.7 Unarmed Combat
 * Level 4.2 Shapeshifting


You had 4 spell levels left.
You didn't know any spells.
Your spell library contained the following spells:

 Spells                   Type           Power      Damage    Failure   Level
 Magic Dart               Conj           0%         1d3       32%         1
 Call Imp                 Summ           0%         N/A       45%         2
 Mephitic Cloud           Conj/Pois/Air  0%         N/A       69%         3


Dungeon Overview and Level Annotations

Branches:
Dungeon (3/15)

Altars:


Innate Abilities, Weirdness & Mutations

You are a hulking beast.
Your limbs bulge with bestial killing power. (Slay +2)
You cannot wear most types of armour.
You are amphibious.
You can wear up to eight rings at the same time.
Your skin changes colour to match your surroundings (Stealth+).
Your rubbery body absorbs attacks. (AC +1, EV +1)
((You are camouflaged when in or above water. (Stealth+)))
You have tentacles for arms and can constrict up to eight enemies at once.


Message History

An iguana comes into view.
The bat moves out of view.
There are monsters nearby!
The iguana hisses angrily.
You tentacle-slap the hobgoblin. x2
You kill the hobgoblin!
You see here a hobgoblin corpse.
There are monsters nearby!
The bat hits you. The bat barely misses you. The bat hits you.
There are monsters nearby!
You tentacle-slap the bat. You grab the bat.
The bat is moderately wounded.
You constrict the bat. The bat completely misses you.
There are monsters nearby!
You tentacle-slap the bat.
You kill the bat!
Your Dodging skill increases to level 3!
There are monsters nearby!
You tentacle-slap the iguana but do no damage.
Your grab misses the iguana. The iguana bites you!
There are monsters nearby!
You completely miss the iguana. Your grab misses the iguana.
The iguana bites you!
There are monsters nearby!
You are too injured to fight recklessly!
There are monsters nearby!
You are too injured to fight recklessly!
Okay, then.
You tentacle-slap the iguana. You grab the iguana. You squeeze the iguana.
The iguana is moderately wounded.
You constrict the iguana, but do no damage.
The iguana bites you.
* * * LOW HITPOINT WARNING * * *
You tentacle-slap the iguana but do no damage.
Your squeeze misses the iguana.
The iguana is moderately wounded.
You constrict the iguana, but do no damage.
The iguana hisses menacingly.
The iguana bites you!
You die...

..................#
######..........#.# #
.............#
######...###.#.##.#
...............##.#
#.####............#.
.........###.........#
............##.####(.#
...............†hlb..#
##.#.#....###.####...#
#.#.#.......... .....
##.#.......##.### ##.#
.........# #.# .
..)#.#.# #.# .......#
#.# .......# #.#
####.###


You could see an iguana and a bat.

Vanquished Creatures
  Natasha (thrice) (D:2)
  3 adders (D:2)
  A worm (D:2)
  2 dart slugs (D:2)
  An endoplasm (D:2)
  2 giant cockroaches
  7 goblins
  7 hobgoblins
  5 jackals
  2 kobolds (D:2)
  4 quokkas
  6 ball pythons
  3 bats
  2 frilled lizards
  7 rats
55 creatures vanquished.

Notes
Turn   | Place    | Note
-------+----------+-------------------------------------------
     0 | D:1      | Ethylacetat the Octopode Shapeshifter began the quest for
                  | the Orb.
     0 | D:1      | Reached XP level 1. HP: 13/13 MP: 1/1
   122 | D:1      | Reached XP level 2. HP: 18/18 MP: 2/2
   753 | D:1      | Reached XP level 3. HP: 23/23 MP: 3/3
  1095 | D:2      | Reached XP level 4. HP: 16/29 MP: 4/4
  1244 | D:2      | Noticed Natasha
  1250 | D:2      | Killed Natasha
  1355 | D:2      | Noticed Natasha
  1378 | D:2      | Killed Natasha
  1379 | D:2      | Reached skill level 4 in Shapeshifting
  1379 | D:2      | Reached XP level 5. HP: 34/34 MP: 5/5
  1648 | D:2      | Noticed Natasha
  1654 | D:2      | Killed Natasha
  1909 | D:3      | Slain by an iguana

Illustrated notes

Levels and vault maps discovered:
D:1:      zelgadis_glass_arrival_small, layout_loops_corners
D:2:      layout_loops_cross, minmay_door_square, uniq_natasha
D:3:      layout_basic, overflow_temple_1_default, yredelemnul_altar_generic,
          ebering_ghost_sewer_d, uniq_robin

Skill      XL: |  1  2  3  4  5 |
---------------+----------------+-----
Fighting       | 2 |  2.3
Shapeshifting  | 4 |  4.2
Dodging        | 3 |  3.0
Unarmed Combat | |  3.7

Action                     |  1- 3 |  4- 6 || total
---------------------------+-------+-------++-------
  Melee: Unarmed           |    59 |    40 ||    99
         Constrict         |    14 |    14 ||    28
         Tentacles         |     6 |     8 ||    14
         Punch             |     1 |     4 ||     5
   Stab: Sleeping          |     5 |     9 ||    14
         Distracted        |     1 |       ||     1
 Armour: Skin              |    18 |    13 ||    31
  Dodge: Dodged            |    29 |    14 ||    43

Table legend: (Time is in decaauts)
 A = Elapsed time spent in this place.
 B = Non-inter-level travel time spent in this place.
 C = Inter-level travel time spent in this place.
 D = Time resting spent in this place.
 E = Time spent auto-exploring this place.
 F = Levels seen in this place.
 G = Mean time per level.
                   A        B        C        D        E       F      G
               +--------+--------+--------+--------+--------+-----+--------+
         Total |   1918 |   1884 |     34 |      0 |   1575 |   3 |  639.3 |
       Dungeon |   1918 |   1884 |     34 |      0 |   1575 |   3 |  639.3 |
               +--------+--------+--------+--------+--------+-----+--------+

Top non-repeatable levels by time:
     D:2: 914 daAuts
     D:1: 823 daAuts
     D:3: 180 daAuts
